 Dungeon Crawl Stone Soup version 0.22-a0-570-g58866f5 (webtiles) character file.

81 Hebeh the Shield-Bearer (level 4, -2/40 HPs)
             Began as a Minotaur Fighter on June 30, 2018.
             Was an Initiate of Trog.
             Slain by Sigmund
             ... wielding a +0 scythe
              (5 damage)
             ... on level 3 of the Dungeon.
             The game lasted 00:04:04 (1379 turns).

Hebeh the Shield-Bearer (Minotaur Fighter)          Turns: 1379, Time: 00:04:05

Health: -2/40      AC:  7    Str: 21    XL:     4   Next: 19%
Magic:  3/3        EV:  7    Int:  5    God:    Trog [......]
Gold:   131        SH:  0    Dex: 10    Spells: 3/3 levels left

rFire    + . .     SeeInvis .   a - +0 war axe
rCold    x . .     Gourm    .   c - +0 shield
rNeg     . . .     Faith    .   o - +0 scale mail
rPois    .         Spirit   .   (helmet restricted)
rElec    .         Reflect  .   (no cloak)
rCorr    .         Harm     .   (no gloves)
MR       .....                  (no boots)
Stlth    ..........             (no amulet)
HPRegen  0.13/turn              (no ring)
MPRegen  0.08/turn              j - ring of fire

@: confused
A: retaliatory headbutt, horns 2
a: Renounce Religion


You were on level 3 of the Dungeon.
You worshipped Trog.
Trog was noncommittal.
You were not hungry.

You visited 1 branch of the dungeon, and saw 3 of its levels.

You collected 131 gold pieces.

Inventory:

Hand Weapons
 a - a +0 war axe (weapon)
 b - a +0 hunting sling
Missiles
 n - 29 sling bullets
Armour
 c - a +0 shield (worn)
 o - a +0 scale mail (worn)
Jewellery
 j - a ring of fire (right hand)
 k - a +4 ring of slaying {unknown}
 p - an uncursed ring of protection from cold {unknown}
Scrolls
 g - a scroll of fog {unknown}
 l - a scroll of amnesia {unknown}
 m - 2 scrolls of identify {unknown}
 q - a scroll of remove curse {unknown}
 r - a scroll of teleportation {unknown}
 s - 3 scrolls of magic mapping {unknown}
 t - a scroll of immolation {unknown}
Potions
 d - a potion of might
 e - 3 potions of curing {unknown}
 h - 4 potions of agility {unknown}
 i - a potion of degeneration {unknown}
 u - 2 potions of haste {unknown}
 v - a potion of heal wounds {unknown}
Comestibles
 f - 3 rations
 w - a chunk of flesh


   Skills:
 + Level 4.1 Fighting
 * Level 3.8 Axes
 + Level 0.7 Slings
 + Level 4.2 Armour
 + Level 4.2 Shields


You had 3 spell levels left.
You didn't know any spells.
Your spell library was empty.

Dungeon Overview and Level Annotations

Branches:
Dungeon (3/15)

Altars:
Okawaru
Trog
Vehumet

Annotations:
D:3 Sigmund


Innate Abilities, Weirdness & Mutations

You reflexively headbutt those who attack you in melee.
You have a pair of horns on your head.


Message History

No target in view!
You closely miss something. Something hits you.
You slash something! Your headbutt misses something.
You block something's attack.
You hit something. Something hits you.
You miss something. You headbutt something. Something hits you!
You closely miss something. You hit something but do no damage.
Something hits you but does no damage.
You miss something.
You hear some strange, mumbled words.
You are confused.
You hear some strange, mumbled words.
A magic dart appears from out of thin air!
The magic dart hits you!
* * * LOW HITPOINT WARNING * * *
Something hits you!
* * * LOW HITPOINT WARNING * * *
You bump into the rock wall.
Something hits you.
You die...

...... ......#
...#.# #....##
#.#... #....#
#.#.####.# .#
######.{......# #.#
>).....@.###### #.#
######.#.########.#
#.#.......##.##
#.#######.#...#####
#. #.......... #.
###..(#### ..
..#####.#### ##
...........#
#.###.#(##.###


There were no monsters in sight!

Vanquished Creatures
  Jessica (D:2)
  An ooze (D:2)
  A dart slug (D:1)
  A leopard gecko (D:2)
  4 giant cockroaches
  3 goblins (D:1)
  5 hobgoblins
  4 jackals (D:2)
  2 quokkas
  A ball python (D:2)
  7 bats
  6 frilled lizards
  4 kobolds
  6 rats
46 creatures vanquished.

Notes
Turn   | Place    | Note
-------+----------+-------------------------------------------
     0 | D:1      | Hebeh the Minotaur Fighter began the quest for the Orb.
     0 | D:1      | Reached XP level 1. HP: 19/19 MP: 0/0
   111 | D:1      | Reached XP level 2. HP: 27/27 MP: 1/1
   686 | D:2      | Reached XP level 3. HP: 33/33 MP: 2/2
   835 | D:2      | Noticed Jessica
   839 | D:2      | Killed Jessica
   839 | D:2      | Reached XP level 4. HP: 34/40 MP: 3/3
  1306 | D:2      | Found a bloodstained altar of Trog.
  1308 | D:2      | Found an iron altar of Okawaru.
  1310 | D:2      | Found a radiant altar of Vehumet.
  1313 | D:2      | Became a worshipper of Trog the Wrathful
  1364 | D:3      | Noticed Sigmund
  1379 | D:3      | Slain by Sigmund

Vault maps used:
D:1:      lightli_arrival_flooded_house
D:2:      minitemple, uniq_jessica
D:3:      grunt_temple_overflow_diamond, elyvilon_altar_1, uniq_sigmund

Skill      XL: |  1  2  3 |
---------------+----------+-----
Axes           | 3 |  3.8
Shields        | 4 |  4.2
Fighting       | 4 |  4.1
Armour         | 4 |  4.2
Slings         | |  0.7

Action                   |  1- 3 |  4- 6 || total
-------------------------+-------+-------++-------
Melee: War axe           |    87 |    26 ||   113
       Headbutt          |    11 |     3 ||    14
  Eat: Chunk             |       |     2 ||     2
Armor: Scale mail        |    49 |    11 ||    60
Dodge: Dodged            |    23 |     5 ||    28
Block: Shield            |    40 |    10 ||    50

Table legend:
 A = Spawn XP
 B = Non-spawn XP
 C = Spawn XP percentage of total XP
 D = Spawn monster count
 E = Non-spawn monster count
 F = Spawn count percentage of total count
 G = Total turns spent on level
                    A         B        C        D         E        F      G
               +---------+---------+-------+---------+---------+-------+---------
         Total |       0 |     116 |   0.0 |       0 |      46 |   0.0 |  1379
               +---------+---------+-------+---------+---------+-------+---------
           D:1 |       0 |      40 |   0.0 |       0 |      25 |   0.0 |   685
           D:2 |       0 |      70 |   0.0 |       0 |      18 |   0.0 |   654
           D:3 |       0 |       6 |   0.0 |       0 |       3 |   0.0 |    40
               +---------+---------+-------+---------+---------+-------+---------
